 Dungeon Crawl Stone Soup version 0.29.1-2-gbd0b4ee654 (webtiles) character file.

Game seed: 4231459810593065964

172 BlackCrag the Magician (level 5, 0/28 HPs)
             Began as a Deep Elf Air Elementalist on Oct 28, 2022.
             Killed from afar by Natasha (6 damage)
             ... with a magic dart
             ... on level 3 of the Dungeon.
             The game lasted 00:13:51 (2824 turns).

BlackCrag the Magician (Deep Elf Air Elementalist)  Turns: 2824, Time: 00:13:52

Health: 0/28       AC:  2    Str:  5    XL:     5   Next: 27%
Magic:  7/14       EV: 13    Int: 22    God:
Gold:   167        SH:  0    Dex: 15    Spells: 3/13 levels left

rFire   . . .      SeeInvis .   h - +0 short sword (holy)
rCold   . . .      Faith    .   (no shield)
rNeg    . . .      Spirit   .   a - +0 robe
rPois   .          Reflect  .   (no helmet)
rElec   .          Harm     .   (no cloak)
rCorr   .          Rampage  .   (no gloves)
Will    .....                   (no boots)
Stlth   ++........              (no amulet)
HPRegen 0.09/turn               (no ring)
MPRegen 0.14/turn               (no ring)

@: swift, quick
A: no striking features
a: no special abilities


You were on level 3 of the Dungeon.
You visited 1 branch of the dungeon, and saw 3 of its levels.

You collected 167 gold pieces.

Inventory:

Hand Weapons
 h - a +0 short sword of holy wrath (weapon)
Armour
 a - a +0 robe (worn)
Scrolls
 e - a scroll of fear {unknown}
 f - 2 scrolls of identify {unknown}
 i - a scroll of noise {unknown}
 l - a scroll of fog {unknown}
 n - a scroll of immolation {unknown}
 o - a scroll of vulnerability {unknown}
Potions
 b - a potion of magic
 c - a potion of cancellation {unknown}
 d - a potion of resistance {unknown}
 g - a potion of curing
 j - a potion of flight {unknown}
 k - a potion of lignification {unknown}
 m - a potion of berserk rage {unknown}
 p - a potion of might {unknown}


   Skills:
 + Level 0.3 Fighting
 + Level 2.7 Dodging
 + Level 2.7 Stealth
 + Level 4.8 Spellcasting
 + Level 2.6 Conjurations
 + Level 4.3 Air Magic


You had 3 spell levels left.
You knew the following spells:

 Your Spells              Type           Power      Damage    Failure   Level
a - Shock                 Conj/Air       80%        1d8       2%          1
b - Static Discharge      Conj/Air       20%        3-6/arc   3%          2
c - Swiftness             Air            24%        N/A       5%          3
d - Airstrike             Air            12%        2d(2-18)  17%         4

Your spell library contained the following spells:

 Spells                   Type           Power      Damage    Failure   Level
 Apportation              Tloc           10%        N/A       11%         1
 Necrotise                Necr           20%        1d5       11%         1
 Summon Small Mammal      Summ           20%        N/A       11%         1
 Summon Ice Beast         Ice/Summ       5%         N/A       71%         4
 Summon Mana Viper        Hex/Summ       5%         N/A       96%         5
 Monstrous Menagerie      Summ           2%         N/A       100%        7


Dungeon Overview and Level Annotations

Branches:
Dungeon (3/15)

Altars:

Annotations:
D:3 1 runed translucent door, Natasha; Tyszek's ghost, amateur MiFi


Message History

The zap hits the kobold!
You kill the kobold!
You start resting.
HP restored.
You start resting.
Natasha, Servant of Life and Death comes into view.
She is carrying a wand of light (10).
Aiming: Shock (safe; 2% risk of failure)
Press: ? - help, Q - select action, (/) - cycle Shift-Dir - straight line, f - Natasha
Aim: Natasha, carrying a wand of light (10) (wandering, hasn't noticed you, 64% to hit)
The zap hits Natasha!
Natasha is heavily wounded.
Natasha hisses angrily.
Natasha casts a spell at you. The magic dart hits you.
Aiming: Shock (safe; 2% risk of failure)
Press: ? - help, Q - select action, (/) - cycle Shift-Dir - straight line, f/p - Natasha
Aim: Natasha, carrying a wand of light (10) (heavily wounded, 64% to hit)
The zap hits Natasha.
Natasha is severely wounded.
Aiming: Shock (safe; 2% risk of failure)
Press: ? - help, Q - select action, (/) - cycle Shift-Dir - straight line, f/p - Natasha
Aim: Natasha, carrying a wand of light (10) (severely wounded, 64% to hit)
The zap misses Natasha.
Natasha zaps a wand.
The bolt of light hits you!
You are confused.
Ouch! That really hurt!
* * * LOW HITPOINT WARNING * * *
You're too confused to cast spells.
Tyszek's ghost turns its malevolent gaze towards you.
Natasha casts a spell.
You feel less confused.
Casting: Shock (safe; 2% risk of failure)
Confirm with . or Enter, or press ? or * to list all spells.
The spell is quite dangerous to miscast (5% risk of failure)!
Continue anyway?
You feel quick.
The adder hisses angrily.
Natasha drinks a potion.
Natasha is healed!
Natasha casts a spell at you. The magic dart hits you.
You die...

#.......##.. ...#~$~#....###....
#.........# .) #~~~#...........
##.##.#....###. #~~~#.######....
......#.......# #Sr~#.#.........
..............# #WFr#.#)........
...........†..#####+##.#.........
†....................<.#.#####...
....##........†........#.# #...
....##.5.h......@.........# #...
..........................####...
.#...............................
.#..........###....###...........
.##.........# #....# #...........
. #.........# #....# #...........
#....)....# ###### #...........
########.## #........... #^#
#...........


You could see a bullfrog, Natasha, Tyszek's ghost, an adder, a river rat and a
quokka.

Vanquished Creatures
  An orc priest (D:3)
  An orc wizard (D:3)
  Natasha (twice) (D:3)
  A worm (D:2)
  6 orcs (D:3)
  2 ball pythons (D:1)
  5 endoplasms
  A giant cockroach (D:2)
  3 goblins
  3 hobgoblins
  8 jackals
  2 quokkas (D:1)
  5 bats
  6 kobolds
  7 rats
53 creatures vanquished.

Notes
Turn   | Place    | Note
-------+----------+-------------------------------------------
     0 | D:1      | BlackCrag the Deep Elf Air Elementalist began the quest for
                  | the Orb.
     0 | D:1      | Reached XP level 1. HP: 10/10 MP: 6/6
    72 | D:1      | Found a faded altar of an unknown god.
   173 | D:1      | Reached XP level 2. HP: 15/15 MP: 5/8
   421 | D:1      | Learned a level 2 spell: Static Discharge
  1298 | D:2      | Reached XP level 3. HP: 19/19 MP: 7/10
  1325 | D:2      | Learned a level 3 spell: Swiftness
  2180 | D:3      | Reached XP level 4. HP: 23/24 MP: 3/12
  2685 | D:3      | Noticed Natasha
  2688 | D:3      | Killed Natasha
  2689 | D:3      | Reached XP level 5. HP: 28/28 MP: 9/13
  2722 | D:3      | Learned a level 4 spell: Airstrike
  2739 | D:3      | Found a runed translucent door.
  2740 | D:3      | Noticed Tyszek's ghost (amateur MiFi)
  2749 | D:3      | Noticed Natasha
  2755 | D:3      | Killed Natasha
  2815 | D:3      | Noticed Natasha
  2824 | D:3      | Killed from afar by Natasha

Illustrated notes

Levels and vault maps discovered:
D:1:      dpeg_arrival_line_fractal, layout_loops_cross,
          chequers_ecumenical_altar_simple, minmay_stone_trees_medium
D:2:      layout_loops_ring, kennysheep_flooded_box, minmay_curled_crystal
D:3:      layout_basic, ebering_ghost_sewer_f, uniq_natasha

Skill      XL: |  1  2  3  4 |
---------------+-------------+-----
Spellcasting   | 4 |  4.8
Conjurations   | 2 |  2.6
Air Magic      | 4 |  4.3
Fighting       | |  0.3
Dodging        | |  2.7
Stealth        | |  2.7

Action                   |  1- 3 |  4- 6 || total
-------------------------+-------+-------++-------
Melee: Hand axe          |     6 |       ||     6
       Unarmed           |     3 |       ||     3
       Short sword       |     1 |       ||     1
 Cast: Shock             |    69 |    24 ||    93
       Static Discharge  |     7 |     4 ||    11
       Swiftness         |       |     1 ||     1
Armor: Robe              |     8 |     1 ||     9
Dodge: Dodged            |    25 |     7 ||    32
